 Dungeon Crawl Stone Soup version 0.19.0-11-g3fc08b3 (webtiles) character file.

1749 mistymad the Ruffian (level 9, -3/70 HPs)
             Began as a Naga Transmuter on Nov 8, 2016.
             Killed by divine providence
             ... invoked by an orc priest
              (10 damage)
             ... on level 6 of the Dungeon.
             The game lasted 00:15:29 (5358 turns).

mistymad the Ruffian (Naga Transmuter)              Turns: 5358, Time: 00:15:29

Health: -3/70      AC:  2    Str: 14    XL:     9   Next: 6%
Magic:  10/17      EV: 19    Int: 16    God:
Gold:   364        SH:  0    Dex: 16    Spells: 3 memorised, 13 levels left

rFire  . . .     SeeInvis +       - Unarmed
rCold  . . .     Gourm    .     (armour currently unavailable)
rNeg   . . .     Faith    .     (shield currently unavailable)
rPois  x         Spirit   .     (helmet currently unavailable)
rElec  .         Reflect  .     (cloak currently unavailable)
rCorr  .         Harm     .     (gloves currently unavailable)
MR     ++...                    (no barding)
Stlth  ++........               (no amulet)
                                u - ring of protection from magic
                                f - ring of stealth

@: spider-form, very slightly contaminated
A: see invisible, (deformed body), (poison resistance), (slowness 0), slow
metabolism 1, spit poison 1, AC +3
a: Spit Poison, End Transformation


You were on level 6 of the Dungeon.
You were not hungry.
You were a venomous arachnid creature.
You visited 1 branch of the dungeon, and saw 6 of its levels.

You collected 364 gold pieces.

Inventory:

Hand Weapons
 p - a +0 blowgun
Missiles
 a - 71 arrows
Armour
 k - a +0 cloak (melded)
 y - a cursed +0 robe (melded)
 E - a +2 pair of gloves (melded)
Jewellery
 f - a ring of stealth (left front leg)
 u - a ring of protection from magic (right front leg)
 z - a +3 ring of dexterity
Scrolls
 b - a scroll of fog {unknown}
 g - 6 scrolls of identify
 l - a scroll of noise {unknown}
 n - 2 scrolls of teleportation
 o - 3 scrolls of recharging {unknown}
 w - a scroll of fear {unknown}
 A - a scroll of enchant weapon {unknown}
Potions
 e - 3 potions of agility
 i - 3 potions of curing
 j - 2 potions of brilliance {unknown}
 m - 2 potions of lignification {unknown}
 q - a potion of degeneration {unknown}
 r - a potion of flight {unknown}
 t - a potion of haste {unknown}
 v - a potion of heal wounds {unknown}
 x - a potion of cancellation {unknown}
Books
 c - a book of Changes

   Spells                             Type                      Level
   a - Beastly Appendage              Transmutation                1
   b - Sticks to Snakes               Transmutation                2
   c - Spider Form                    Transmutation/Poison         3
   d - Ice Form                       Ice/Transmutation            4
   e - Blade Hands                    Transmutation                5
 B - a book of Cantrips

   Spells                             Type                      Level
   a - Confusing Touch                Hexes                        1
   b - Animate Skeleton               Necromancy                   1
   c - Summon Small Mammal            Summoning                    1
   d - Apportation                    Translocation                1
Comestibles
 d - 4 bread rations
 h - 2 meat rations
 s - a slice of pizza
 C - 2 chunks of flesh
 D - a beef jerky


   Skills:
 - Level 1.1 Fighting
 - Level 1.5 Dodging
 + Level 7.3 Unarmed Combat
 + Level 5.7 Spellcasting
 + Level 7.2 Transmutations


You had 13 spell levels left.
You knew the following spells:

 Your Spells              Type           Power        Failure   Level  Hunger
a - Beastly Appendage     Tmut           ####..       4%          1    None
b - Sticks to Snakes      Tmut           ####....     6%          2    #......
c - Spider Form           Tmut/Pois      ###.......   28%         3    ##.....


Dungeon Overview and Level Annotations

Branches:
Dungeon (6/15)
 Temple: D:4-7

Altars:
Elyvilon
Yredelemnul
The Shining One

Shops:
D:6 }


Innate Abilities, Weirdness & Mutations

You cannot wear boots.
((Your serpentine skin is tough. (AC +3)))
You have supernaturally acute eyesight. (SInv)
((Armour fits poorly on your strangely shaped body.))
((Your system is resistant to poisons. (rPois)))
((You cover ground very slowly.))
You have a slow metabolism.
You can spit poison.


Message History

The orc warrior is lightly wounded.
The orc warrior hits you with a short sword!
You take 11 damage, and have 40/70 hp.
You hit the orc warrior but do no damage.
The orc warrior is lightly wounded.
The orc warrior hits you with a short sword!
You take 16 damage, and have 24/70 hp.
MASSIVE DAMAGE!!
You hit the orc warrior.
The orc warrior is lightly wounded.
The orc warrior hits you with a short sword!
* * * LOW HITPOINT WARNING * * *
You take 7 damage, and have 17/70 hp.
The orc priest casts a cantrip, but nothing happens.
The orc priest invokes the aid of Beogh against you.
Beogh smites you!
* * * LOW HITPOINT WARNING * * *
You take 11 damage, and have 7/70 hp.
The orc priest invokes the aid of Beogh against you.
Beogh smites you!
You die...

#o# #.#####. #o# #
#....... #.# #.
#.###.#. #.#
#.##.##.### #.#
#..#.#.##.. #o#
#####(#.##.#.. #o#
#............# ##.##
#.###.#.####.#
#..s###.###.#># #.#
#.............####.#
#...##...#.........#
######..[##.######..
#.[.#### #..
#......######[.
#..###.......[. #..#
########.. ###..#
#######.#


You could see an orc warrior, an orc priest and an orc.

Vanquished Creatures
  Pikel (D:5)
  Prince Ribbit (D:6)
  A slave (D:5)
  3 ogres
  A centaur (D:5)
  2 big kobolds (D:3)
  2 scorpions (D:4)
  A bullfrog zombie (D:6)
  A hound (D:4)
  A jelly (D:6)
  A bullfrog skeleton (D:5)
  Jessica (D:3)
  Natasha (thrice) (D:2)
  A worker ant (D:6)
  A hound skeleton (D:6)
  7 gnolls
  10 adders
  2 shadow imps (D:5)
  An adder skeleton (D:5)
  An adder zombie (D:5)
  2 worms
  3 dart slugs
  2 leopard geckos
  4 giant cockroaches
  13 hobgoblins
  16 jackals
  13 kobolds
  2 ball pythons (D:1)
  6 bats
  6 frilled lizards
  4 goblins
  A leopard gecko skeleton (D:4)
  8 rats
122 creatures vanquished.

Vanquished Creatures (others)
  An adder skeleton (D:5)
  2 jackals (D:5)
3 creatures vanquished.

Grand Total: 125 creatures vanquished

Notes
Turn   | Place    | Note
-------+----------+-------------------------------------------
     0 | D:1      | mistymad the Naga Transmuter began the quest for the Orb.
     0 | D:1      | Reached XP level 1. HP: 18/18 MP: 3/3
   201 | D:1      | Reached XP level 2. HP: 25/25 MP: 5/5
   818 | D:1      | Learned a level 2 spell: Sticks to Snakes
  1146 | D:1      | Reached XP level 3. HP: 21/31 MP: 6/6
  1151 | D:1      | Learned a level 3 spell: Spider Form
  1472 | D:2      | Noticed Natasha
  1477 | D:2      | Killed Natasha
  1477 | D:2      | Reached XP level 4. HP: 33/38 MP: 4/8
  1567 | D:2      | Noticed Natasha
  1572 | D:2      | Killed Natasha
  1789 | D:2      | Noticed Natasha
  1797 | D:2      | Killed Natasha
  1797 | D:2      | Reached XP level 5. HP: 34/44 MP: 3/10
  2397 | D:3      | Noticed Jessica
  2403 | D:3      | Killed Jessica
  2460 | D:3      | Reached XP level 6. HP: 45/51 MP: 7/11
  2922 | D:3      | Reached skill level 5 in Unarmed Combat
  3042 | D:3      | Reached skill level 5 in Transmutations
  3273 | D:4      | Reached XP level 7. HP: 57/57 MP: 12/12
  3833 | D:5      | Entered Level 5 of the Dungeon
  4139 | D:5      | Noticed Pikel
  4155 | D:5      | Killed Pikel
  4155 | D:5      | Reached XP level 8. HP: 46/64 MP: 12/15
  4223 | D:5      | Found a white marble altar of Elyvilon.
  4225 | D:5      | Found a basalt altar of Yredelemnul.
  4228 | D:5      | Found a glowing golden altar of the Shining One.
  4242 | D:5      | Reached skill level 5 in Spellcasting
  5124 | D:6      | Found Ewaant's Quality Used Wands.
  5188 | D:6      | Noticed Prince Ribbit
  5199 | D:6      | Killed Prince Ribbit
  5199 | D:6      | Reached XP level 9. HP: 58/70 MP: 12/17
  5358 | D:6      | Killed from afar by an orc priest

Skill      XL: |  1  2  3  4  5  6  7  8 |
---------------+-------------------------+-----
Spellcasting   | 3 4 5 |  5.7
Transmutations | 3 4 5 6 7 |  7.2
Unarmed Combat | 4 5 6 7 |  7.3
Fighting       | |  1.1
Dodging        | |  1.5

Action                   |  1- 3 |  4- 6 |  7- 9 || total
-------------------------+-------+-------+-------++-------
Melee: Unarmed           |    85 |   135 |   154 ||   374
       Headbutt          |     3 |     1 |       ||     4
       Punch             |       |       |     1 ||     1
 Cast: Beastly Appendage |     5 |     1 |       ||     6
       Spider Form       |     5 |    13 |    12 ||    30
       Sticks to Snakes  |       |       |     1 ||     1
 Abil: Spit Poison       |    18 |    22 |     9 ||    49
  Use: Scroll            |       |     3 |       ||     3
 Stab: Sleeping          |     1 |     1 |     1 ||     3
  Eat: Chunk             |     3 |     6 |     9 ||    18
Armor: Robe              |     8 |    29 |    20 ||    57
       Skin              |     1 |     9 |     3 ||    13
Dodge: Dodged            |    58 |   114 |    98 ||   270
